 Dungeon Crawl Stone Soup version 0.22.1-1-ga44c0e56f4 (webtiles) character file.

147 Jynx the Changer (level 5, 0/33 HPs)
             Began as an Octopode Transmuter on Nov 3, 2018.
             Succumbed to a kobold's poison
             ... on level 3 of the Dungeon.
             The game lasted 00:05:10 (2144 turns).

Jynx the Changer (Octopode Transmuter)              Turns: 2144, Time: 00:05:10

Health: 0/33       AC:  1    Str:  8 (10) XL:     5   Next: 29%
Magic:  8/9        EV: 14    Int: 12 (15) God:
Gold:   121        SH:  0    Dex: 11 (13) Spells: 3/9 levels left

rFire    . . .     SeeInvis .     - Unarmed
rCold    . . .     Gourm    .   (no shield)
rNeg     . . .     Faith    .   (helmet restricted)
rPois    .         Spirit   .   (no amulet)
rElec    .         Reflect  .   (no ring)
rCorr    .         Harm     .   (no ring)
MR       .....                  (no ring)
Stlth    ++........             (no ring)
HPRegen  0.11/turn              (no ring)
MPRegen  0.11/turn              (no ring)
                                (no ring)
                                (no ring)

@: lethally poisoned (0 -> -11), flying, hasted, very quick
A: almost no armour, stealthy swim, amphibious, 8 rings, constrict 8, camouflage
1, gelatinous body 1
a: no special abilities


You were on level 3 of the Dungeon.
You were not hungry.

You visited 1 branch of the dungeon, and saw 3 of its levels.

You collected 121 gold pieces.

Inventory:

Missiles
 a - 25 arrows
Scrolls
 b - 2 scrolls of teleportation {unknown}
 d - 3 scrolls of identify {unknown}
 e - a scroll of remove curse {unknown}
 f - 2 scrolls of immolation {unknown}
 h - a scroll of magic mapping {unknown}
Comestibles
 c - 2 rations
 k - 2 chunks of flesh


   Skills:
 - Level 1.0 Fighting
 + Level 3.1 Dodging
 - Level 3.0 Unarmed Combat
 + Level 2.9 Spellcasting
 * Level 4.0 Transmutations


You had 3 spell levels left.
You knew the following spells:

 Your Spells              Type           Power        Failure   Level  Hunger
a - Beastly Appendage     Tmut           ##....       4%          1    #......
b - Sticks to Snakes      Tmut           ##......     7%          2    ###....
c - Spider Form           Tmut/Pois      #.........   32%         3    ###....

Your spell library contained the following spells:

 Spells                   Type           Power        Failure   Level  Hunger
 Ice Form                 Ice/Tmut       #.......     71%         4    #####..
 Blade Hands              Tmut           ##........   78%         5    ######.


Dungeon Overview and Level Annotations

Branches:
Dungeon (3/15)

Altars:


Innate Abilities, Weirdness & Mutations

You cannot wear most types of armour.
You are very stealthy in the water. (Stealth+)
You are amphibious.
You can wear up to eight rings at the same time.
You can use your tentacles to constrict eight enemies at once.
Your skin changes colour to match your surroundings (Stealth+).
Your rubbery body absorbs attacks. (AC +1, EV +1)


Message History

You feel sick.
You see here a scroll labeled NIER UGROUNI.
* * * LOW HITPOINT WARNING * * *
You feel sick.
* * * LOW HITPOINT WARNING * * *
You feel sick.
There is a stone staircase leading up here.
Things that are here:
a dagger of venom; a scroll labeled VOF HIRAIJIBAU; a kobold corpse
* * * LOW HITPOINT WARNING * * *
You feel sick.
* * * LOW HITPOINT WARNING * * *
You feel sick.
* * * LOW HITPOINT WARNING * * *
You feel sick.
* * * LOW HITPOINT WARNING * * *
You feel sick.
* * * LOW HITPOINT WARNING * * *
You feel sick.
You die...

#.##..#
.[......##
.#........##
...........#
...........#
..>........#
.......$...#
..........?#
#....†.@.##
#........#
...........#
...........#
...........#
...........#
...........#
.#........##


There were no monsters in sight!

Vanquished Creatures
  2 orc priests (D:3)
  An iguana (D:2)
  2 adders (D:2)
  A worm (D:2)
  A leopard gecko (D:1)
  An orc (D:2)
  A ball python (D:2)
  2 giant cockroaches
  A goblin (D:2)
  5 hobgoblins
  2 quokkas (D:2)
  9 bats
  4 frilled lizards
  6 kobolds
  5 rats
43 creatures vanquished.

Notes
Turn   | Place    | Note
-------+----------+-------------------------------------------
     0 | D:1      | Jynx the Octopode Transmuter began the quest for the Orb.
     0 | D:1      | Reached XP level 1. HP: 13/13 MP: 3/3
     6 | D:1      | Noticed a rime drake
     6 | D:1      | Noticed a polar bear
     7 | D:1      | Noticed a wolf
     7 | D:1      | Noticed a lindwurm
   327 | D:1      | Reached XP level 2. HP: 13/18 MP: 3/5
   967 | D:1      | Learned a level 2 spell: Sticks to Snakes
  1130 | D:2      | Reached XP level 3. HP: 7/23 MP: 3/6
  1418 | D:2      | Learned a level 3 spell: Spider Form
  1424 | D:2      | Reached skill level 3 in Transmutations
  1509 | D:2      | Noticed a scorpion
  1583 | D:2      | Reached XP level 4. HP: 22/28 MP: 3/7
  2071 | D:2      | Reached XP level 5. HP: 28/33 MP: 4/9
  2126 | D:3      | Reached skill level 4 in Transmutations
  2142 | D:3      | HP: 1/33 [poisoned by a kobold]
  2144 | D:3      | Succumbed to a kobold's poison

Skill      XL: |  1  2  3  4  5 |
---------------+----------------+-----
Transmutations | 3 4 |  4.0
Dodging        | 3 |  3.1
Fighting       | |  1.0
Unarmed Combat | |  3.0
Spellcasting   | |  2.9

Action                   |  1- 3 |  4- 6 || total
-------------------------+-------+-------++-------
Melee: Unarmed           |    76 |    35 ||   111
       Constrict         |    17 |     3 ||    20
       Kick              |    12 |     2 ||    14
       Punch             |     3 |     1 ||     4
       Tentacles         |     6 |     2 ||     8
 Cast: Beastly Appendage |    13 |     4 ||    17
       Spider Form       |     1 |     3 ||     4
  Use: Potion            |       |     3 ||     3
 Stab: Sleeping          |     1 |       ||     1
  Eat: Chunk             |     2 |     3 ||     5
Armor: Skin              |     6 |     3 ||     9
Dodge: Dodged            |    58 |    46 ||   104
